 Dungeon Crawl Stone Soup version 0.22-a0-580-gd5db89c (webtiles) character file.

34 iamserjio the Slasher (level 3, -1/25 HPs)
             Began as a Halfling Chaos Knight on July 3, 2018.
             Slain by a gnoll
             ... wielding a +0 spear
              (5 damage)
             ... on level 3 of the Dungeon.
             The game lasted 00:03:40 (521 turns).

iamserjio the Slasher (Halfling Chaos Knight)        Turns: 521, Time: 00:03:41

Health: -1/25      AC:  5    Str: 13    XL:     3   Next: 50%
Magic:  3/3        EV: 14    Int: 11    God:    Xom [*.....]
Gold:   148        SH:  0    Dex: 13    Spells: 2/2 levels left

rFire    . . .     SeeInvis .   a - +0 falchion (chaos)
rCold    . . .     Gourm    .   (shield restricted)
rNeg     . . .     Faith    .   b - +2 leather armour
rPois    .         Spirit   .   (no helmet)
rElec    .         Reflect  .   (no cloak)
rCorr    .         Harm     .   (no gloves)
MR       .....                  (no boots)
Stlth    +.........             (no amulet)
HPRegen  0.08/turn              (no ring)
MPRegen  0.08/turn              (no ring)

@: no status effects
A: small, mutation resistance 1
a: Renounce Religion


You were on level 3 of the Dungeon.
You worshipped Xom.
You were a special plaything of Xom.
You were not hungry.

You visited 1 branch of the dungeon, and saw 3 of its levels.

You collected 148 gold pieces.

Inventory:

Hand Weapons
 a - a +0 falchion of chaos (weapon)
Missiles
 k - 26 poisoned needles
 r - 7 curare-tipped needles {!f}
Armour
 b - a +2 leather armour (worn)
 h - a +0 buckler
 m - a +0 chain mail
 n - a +0 plate armour
Scrolls
 i - a scroll of identify {unknown}
 l - a scroll of teleportation {unknown}
 q - a scroll of noise {unknown}
Potions
 d - a potion of might {unknown}
 e - a potion of agility {unknown}
 f - a potion of berserk rage {unknown}
 g - a potion of ambrosia {unknown}
 j - a potion of haste {unknown}
 o - a potion of mutation {unknown}
 p - a potion of heal wounds {unknown}
 s - a potion of resistance {unknown}
Comestibles
 c - 5 rations


   Skills:
 + Level 2.9 Fighting
 * Level 3.3 Long Blades
 + Level 2.4 Armour
 * Level 2.1 Dodging
 + Level 1.0 Stealth


You had 2 spell levels left.
You didn't know any spells.
Your spell library was empty.

Dungeon Overview and Level Annotations

Branches:
Dungeon (3/15)

Altars:


Innate Abilities, Weirdness & Mutations

You are small and have problems with some larger weapons.
You are somewhat resistant to further mutation.


Message History

The gnoll barely misses you. The gnoll completely misses you.
You hit the gnoll. You freeze the gnoll.
The gnoll is almost dead.
The gnoll hits you with an enchanted spear.
The gnoll closely misses you.
You barely miss the gnoll.
The gnoll is almost dead.
The gnoll hits you with an enchanted spear.
The gnoll hits you with a spear.
* * * LOW HITPOINT WARNING * * *
The gnoll barely misses you.
You riposte.
You completely miss the gnoll.
The gnoll is almost dead.
The gnoll hits you with a spear.
* * * LOW HITPOINT WARNING * * *
You hit the gnoll.
You kill the gnoll!
Your Stealth skill increases to level 1!
The gnoll completely misses you.
You closely miss the gnoll. The gnoll hits you with a spear.
You die...

### #.. ### #.#
#### ..) #.#
#.. ... #.#
#.##.##
##)####.#...###
#.@............
#.g####.#...##
#..# #.# ###
#..# #.# ..#
#>.####.##.#.#
#..........#.#
#....##.####.#
##.###..#.###.#
#..###..##[#..#


You could see a gnoll.

Vanquished Creatures
  A gnoll (D:3)
  An ooze (D:1)
  A ball python (D:1)
  2 giant cockroaches
  A goblin (D:1)
  4 hobgoblins
  2 kobolds (D:2)
  4 bats
  2 frilled lizards (D:1)
18 creatures vanquished.

Notes
Turn   | Place    | Note
-------+----------+-------------------------------------------
     0 | D:1      | iamserjio the Halfling Chaos Knight began the quest for the Orb.
     0 | D:1      | Reached XP level 1. HP: 15/15 MP: 1/1
   113 | D:1      | Reached XP level 2. HP: 7/20 MP: 2/2
   154 | D:1      | XOM: harmless Air miscast
   378 | D:2      | XOM: butterfly on damage
   413 | D:2      | Reached XP level 3. HP: 11/25 MP: 3/3
   520 | D:3      | Reached skill level 1 in Stealth
   521 | D:3      | Slain by a gnoll

Vault maps used:
D:1:      dpeg_arrival_rooms_a, minmay_heptomino_o4
D:2:      vehumet_crystals
D:3:      nicolae_overflow_crystal_walls, first_ration

Skill      XL: |  1  2  3 |
---------------+----------+-----
Dodging        | 2 |  2.1
Stealth        | 1 |  1.0
Fighting       | |  2.9
Long Blades    | |  3.3
Armour         | |  2.4

Action                   || total
-------------------------++-------
Melee: Falchion          ||    55
 Stab: Petrifying        ||     1
Armor: Leather armour    ||    24
Dodge: Dodged            ||    54
       Rpst.: Falchion   ||    16

Table legend:
 A = Spawn XP
 B = Non-spawn XP
 C = Spawn XP percentage of total XP
 D = Spawn monster count
 E = Non-spawn monster count
 F = Spawn count percentage of total count
 G = Total turns spent on level
                    A         B        C        D         E        F      G
               +---------+---------+-------+---------+---------+-------+---------
         Total |       0 |      49 |   0.0 |       0 |      18 |   0.0 |   521
               +---------+---------+-------+---------+---------+-------+---------
           D:1 |       0 |      19 |   0.0 |       0 |       9 |   0.0 |   246
           D:2 |       0 |      11 |   0.0 |       0 |       6 |   0.0 |   180
           D:3 |       0 |      19 |   0.0 |       0 |       3 |   0.0 |    95
               +---------+---------+-------+---------+---------+-------+---------
